 Dungeon Crawl Stone Soup version 0.32-a0-938-g40ac7a0 (webtiles) character file.

Game seed: 15090469694635174816

201478 bochi the Shatterer (level 18, -7/196 HPs)
             Began as an Oni Ice Elementalist on Apr 22, 2024.
             Was the Champion of Cheibriados.
             Killed by an exploding seven-headed hydra (21 damage)
             ... ignited by their inner flame
             ... on level 4 of the Swamp.
             The game lasted 00:57:06 (32822 turns).

bochi the Shatterer (Oni Ice Elementalist)         Turns: 32822, Time: 00:57:07

Health: -7/196     AC: 23    Str: 34    XL:     18   Next: 54%
Magic:  29/32      EV:  9    Int: 35    God:    Cheibriados [******]
Gold:   2676       SH:  0    Dex: 19    Spells: 28/37 levels left

rFire   + . .        a - +4 giant spiked club (protect)
rCold   . . .        (shield currently unavailable)
rNeg    . . .        U - +5 steam dragon scales
rPois   +            p - +2 hat
rElec   .            C - +2 cloak
rCorr   +            (gloves unavailable)
SInv    +            (boots unavailable)
Will    ++...        r - amulet of regeneration
Stlth   ++           W - ring "Xezaxzeh" {rPois Will+ rCorr Dex-5 SInv}
HPRegen 1.32/turn    K - ring "Hifam" {Wiz rF+}
MPRegen 0.23/turn

%: clarity, wizardry (x1)
@: about to teleport, under a protective aura, very slow
A: large, unfitting armour, horns 1, tough skin 1, double potion healing,
drunken brawling, clarity
}: 1/15 runes: serpentine
a: Renounce Religion, Bend Time, Temporal Distortion, Slouch, Step From Time


You were on level 4 of the Swamp.
You worshipped Cheibriados.
Cheibriados was exalted by your worship.
You visited 7 branches of the dungeon, and saw 32 of its levels.
You also visited: Bailey, Gauntlet and Volcano.

You collected 3408 gold pieces.
You spent 732 gold pieces at shops.

Inventory:

Hand Weapons
 a - a +4 giant spiked club of protection (weapon)
 b - a +1 flail of protection
 G - a +0 heavy giant spiked club
Missiles
 u - 11 large rocks
 F - a throwing net
 Q - 6 curare-tipped darts
 Y - 11 javelins
Armour
 p - a +2 hat (worn)
 C - a +2 cloak (worn)
 D - the +0 hat "Wesom" {Slay+2}
   (You acquired it on level 5 of the Lair of Beasts)

   Slay+2:    It affects your accuracy & damage with ranged weapons and melee
   (+2).
 H - a +2 robe of fire resistance
 U - +5 steam dragon scales (worn)
Jewellery
 h - a ring of ice
 m - a +6 ring of strength
 r - an amulet of regeneration (around neck)
 I - the amulet of Raorgh Pibui {RegenMP+ rCorr}
   (You acquired it on level 3 of the Lair of Beasts)

   [amulet of magic regeneration]

   It increases your rate of magic regeneration.
   rCorr:     It protects you from acid and corrosion.
   RegenMP+:  It increases your rate of magic regeneration.
 K - the ring "Hifam" (right hand) {Wiz rF+}
   (You acquired it on level 9 of the Dungeon)

   [ring of wizardry]

   Wiz:       It improves your spell success rate.
   rF+:       It protects you from fire.
 W - the ring "Xezaxzeh" (left hand) {rPois Will+ rCorr Dex-5 SInv}
   (You found it on level 5 of the Lair of Beasts)

   [ring of see invisible]

   Dex-5:     It affects your dexterity (-5).
   rPois:     It protects you from poison.
   Will+:     It increases your willpower.
   SInv:      It lets you see invisible.
   rCorr:     It protects you from acid and corrosion.
Wands
 g - a wand of flame (7) (quivered)
 i - a wand of polymorph (7)
 k - a wand of roots (22)
 q - a wand of quicksilver (2)
 N - a wand of mindburst (3)
 R - a wand of digging (22)
 T - a wand of charming (8)
Scrolls
 e - 7 scrolls of blinking
 n - 9 scrolls of teleportation
 o - 5 scrolls of amnesia
 t - 3 scrolls of vulnerability
 y - 7 scrolls of immolation
 A - 3 scrolls of fog
 J - 2 scrolls of fear
 L - 5 scrolls of noise
 M - 2 scrolls of summoning
 P - a scroll of revelation
 V - 2 scrolls of silence
 Z - a scroll of poison
Potions
 c - 9 potions of curing
 d - 3 potions of lignification
 f - 12 potions of heal wounds
 j - a potion of berserk rage
 l - 8 potions of mutation
 s - 3 potions of invisibility
 v - 5 potions of brilliance
 w - 8 potions of resistance
 x - 4 potions of attraction
 z - 3 potions of cancellation
 B - 7 potions of magic
 E - 6 potions of enlightenment
 O - 5 potions of might
 X - 2 potions of ambrosia
Miscellaneous
 S - a phantom mirror


   Skills:
 - Level 16.0 Fighting
 - Level 22.0 Maces & Flails
 - Level 7.4 Throwing
 - Level 1.7 Dodging
 - Level 1.4 Stealth
 - Level 10.3 Spellcasting
 + Level 12.9 Translocations
 - Level 9.0 Ice Magic
 + Level 8.6 Invocations


You had 28 spell levels left.
You knew the following spells:

 Your Spells              Type           Power      Damage    Failure   Level
a - Freeze                Ice            100%       1d10      1%          1
b - Frozen Ramparts       Ice            100%       1d16      1%          3
c - Lesser Beckoning      Tloc           100%       N/A       0%          2
q - Ozocubu's Armour      Ice            69%        N/A       1%          3

Your spell library contained the following spells:

 Spells                   Type           Power      Damage    Failure   Level
 Blink                    Tloc           100%       N/A       0%          2
 Shock                    Conj/Air       72%        1d7       1%          1
 Slow                     Hex            72%        N/A       1%          1
 Sting                    Conj/Alch      72%        1d7       1%          1
 Mercury Vapours          Alch/Air       36%        N/A       1%          2
 Momentum Strike          Conj/Tloc      100%       3d10      1%          2
 Static Discharge         Conj/Air       36%        3-5/arc   1%          2
 Hailstorm                Conj/Ice       49%        3d10      1%          3
 Maxwell's Portable Pile  Tloc           83%        2d(13-38) 1%          3
 Summon Ice Beast         Ice/Summ       49%        N/A       1%          3
 Teleport Other           Tloc           83%        N/A       1%          3
 Confusing Touch          Hex            18%        N/A       2%          3
 Swiftness                Air            18%        N/A       2%          3
 Vampiric Draining        Necr           18%        2d7       2%          3
 Metabolic Englaciation   Hex/Ice        24%        N/A       4%          5
 Airstrike                Air            9%         2d(2-18)  10%         4
 Flame Wave               Conj/Fire      18%        2d7       10%         4
 Olgreb's Toxic Radiance  Alch           18%        N/A       10%         4
 Summon Lightning Spire   Summ/Air       18%        N/A       10%         4
 Permafrost Eruption      Ice/Erth       24%        2x4d6     22%         6
 Sculpt Simulacrum        Ice/Alch       24%        N/A       22%         6
 Arcjolt                  Conj/Air       9%         1d19      26%         5
 Malign Gateway           Summ/Tloc      29%        N/A       47%         7
 Haunt                    Necr/Summ      9%         N/A       100%        7
 Borgnjor's Revivificati  Necr           9%         N/A       100%        8
 Maxwell's Capacitive Co  Air            9%         ∞         100%        8
 Summon Horrible Things   Summ           9%         N/A       100%        8
 Chain Lightning          Conj/Air       9%         3d12      100%        9
 Death's Door             Necr           9%         N/A       100%        9
 Fire Storm               Conj/Fire      9%         8d2       100%        9
 Shatter                  Erth           9%         3d11*     100%        9


Dungeon Overview and Level Annotations

Branches:
Dungeon (15/15)            Temple (1/1) D:7            Lair (5/5) D:9
  Swamp (4/4) Lair:2        Snake (4/4) Lair:2        Slime (0/5) Lair:5
    Orc (2/2) D:12            Elf (1/3) Orc:2        Vaults (0/5) D:14
 Depths (0/4) D:15         Bailey (visited)         Volcano (visited)
Gauntlet (visited)

Altars:
Ashenzari
Cheibriados
Dithmenos
Elyvilon
Fedhas
Gozag
Hepliaklqana
Kikubaaqudgha
Makhleb
Nemelex Xobeh
Okawaru
Qazlal
Ru
Sif Muna
Trog
Uskayaw
Vehumet
Wu Jian
Xom
Yredelemnul
Zin
The Shining One
Beogh

Shops:
D:2 !   D:6 !???   D:7 (   D:12 *   D:13 *   Orc:2 !*[((   Snake:1 [
Snake:3 [

Portals:
Trove: D:13 (give 12 potions of heal wounds)

Annotations:
D:15 2 runed translucent doors, exclusion: orange crystal statue
Swamp:4 Lernaean hydra


Innate Abilities, Weirdness & Mutations

You are too large for most types of armour.
You have a pair of small horns on your head.
You have tough skin. (AC +1)
You gain doubled healing and magic from potions.
Whenever you drink a healing potion, you attack all around you.
You possess an exceptional clarity of mind.


Message History

Flame seeps out of the swamp dragon.
The swamp dragon is heavily wounded.
The fiery explosion engulfs the swamp dragon!!!
Flame seeps out of the swamp dragon.
The swamp dragon is heavily wounded.
The mangrove smoulders and burns.
The fiery explosion engulfs the spectral death drake!!!
The spectral death drake is almost destroyed.
The fiery explosion engulfs the tyrant leech!
Flame seeps out of the tyrant leech.
The tyrant leech is heavily wounded.
The fiery explosion engulfs the eleionoma!!
Flame seeps out of the eleionoma.
The eleionoma is moderately wounded.
The fiery explosion engulfs the swamp worm!!!
Cheibriados appreciates the change of pace.
The fiery explosion engulfs the eleionoma!!!
Flame seeps out of the eleionoma.
The eleionoma is heavily wounded.
The fiery explosion engulfs the seven-headed hydra!
Flame seeps out of the seven-headed hydra.
The seven-headed hydra is severely wounded.
The swamp worm explodes!
The fiery explosion engulfs the ghost crab!!!
Flame seeps out of the ghost crab.
The ghost crab is heavily damaged.
The mangrove smoulders and burns.
The fiery explosion engulfs the spectral death drake!!!
You destroy the spectral death drake!
The spectral death drake fades away!
The fiery explosion engulfs the seven-headed hydra!!
Cheibriados appreciates the change of pace.
The fiery explosion engulfs you!
Your icy armour melts away.
You resist.
* * * LOW HITPOINT WARNING * * *
The seven-headed hydra explodes!
The mangrove smoulders and burns.
The fiery explosion engulfs you!! You resist.
You die...
Cheibriados appreciates the motionlessness of death.

♣♣~.~D~~~D.~~..~
♣♣♣♣~~~~~~~~.n~♣DD~w§
♣.~~♣.~~~~~~~~~~.~~~..
♣.~~..D~~~~~~~k~~~~.~~
♣♣.~[..○°°~~~nD~~~~~♣♣
♣♣..~♣♣○○w§§§n~~~~~.♣
♣~~~~♣♣t°°°D§~~~~~~.
♣.~~~♣♣§○°○w§~~~.♣
♣♣~~.♣♣§○@○D.§~~♣♣♣
♣♣♣♣♣♣§☼RR...~~..♣
♣♣♣♣~~.÷.~~.♣
♣..♣i..?♣♣ ♣♣[.~..♣♣
~.D.♣♣♣ .)~~~.
♣..~§~D♣ ....~~)♣


You could see the 27-headed Lernaean hydra, 2 eleionomae, an eight-headed hydra,
a six-headed hydra, a five-headed hydra, 2 swamp dragons, a tyrant leech (inner
flame), a ghost crab (inner flame), a spriggan druid (inner flame), 3 bog
bodies, a swamp worm (inner flame) and a swamp drake (inner flame).

Vanquished Creatures
  Vashnia (Snake:3)
  Jorgrun (Swamp:1)
  2 thorn hunters
  3 nagarajas
  2 orc warlords
  2 eleionomae (Swamp:1)
  4 bunyips
  A minotaur (Gauntlet)
  An ettin (Orc:1)
  Erolcha (D:9)
  4 ice dragons
  11 anacondas
  A fenstrider witch zombie (Swamp:2)
  15 hydras
  An ogre mage (D:15)
  7 two-headed ogres
  4 alligators
  A catoblepas (Lair:4)
  A salamander tyrant (Snake:4)
  2 centaur warriors (D:13)
  5 boulder beetles
  Erica (Orc:1)
  A fenstrider witch skeleton (Swamp:2)
  7 naga sharpshooters
  A hell hog (Gauntlet)
  10 naga warriors
  Sonja (Orc:1)
  An orc high priest (Orc:2)
  Urug (D:11)
  9 shock serpents
  23 spriggans
  3 skeletal warriors (D:11)
  A fire crab (shapeshifter) (D:13)
  A skyshark (Lair:2)
  4 goliath frogs
  8 spriggan druids
  4 salamander mystics (Snake:4)
  8 swamp dragons
  5 mana vipers (Snake:4)
  3 bog bodies
  7 lindwurms
  3 sea snakes
  An arcanist (D:14)
  2 naga ritualists
  A necromancer (D:14)
  A phantasmal warrior (D:14)
  5 deep elf pyromancers
  2 obsidian bats
  Pikel (D:6)
  9 ugly things
  A sphinx simulacrum (D:14)
  4 will-o-the-wisps
  5 manticores
  4 orc sorcerers
  An oklob plant (Gauntlet)
  6 salamanders
  3 cyclopes
  8 kobold blastminers (Orc:2)
  A moth of wrath (Gauntlet)
  5 elephants (Lair:3)
  11 naga magi
  22 black mambas
  An ice statue (D:15)
  Jeremiah (D:9)
  5 molten gargoyles (Volcano)
  6 torpor snails
  2 unseen horrors (D:12)
  7 guardian serpents
  2 gargoyles
  9 cane toads
  A rime drake (shapeshifter) (D:15)
  5 efreet
  A freezing wraith (D:12)
  Psyche (D:12)
  7 komodo dragons
  3 rime drakes
  A polar bear (Lair:5)
  4 trolls
  9 tyrant leeches
  24 hornets
  14 blink frogs
  11 slime creatures
  Sigmund (D:2)
  3 shadows
  13 wyverns
  2 wraiths (D:9)
  4 fire elementals (Volcano)
  58 yaks
  3 fire bats (Gauntlet)
  Grum (D:9)
  5 wargs
  8 vampire mosquitoes
  8 basilisks
  5 steam dragons
  A two-headed ogre zombie (D:12)
  5 acid dragons
  23 nagas
  10 swamp worms
  A death drake simulacrum (Swamp:2)
  3 hell hounds
  31 water moccasins
  34 orc warriors
  7 swamp drakes
  An ice beast (D:5)
  5 black bears
  3 laughing skulls
  2 sky beasts (D:7)
  A boggart (shapeshifter) (D:15)
  17 wolves
  9 ogres
  9 centaurs
  3 boggarts (D:14)
  A phantom (D:12)
  A lemure (D:6)
  3 kobold brigands
  A gnoll sergeant (D:10)
  19 bullfrogs
  An earth elemental (Volcano)
  2 scorpions
  10 wights
  A troll zombie (D:12)
  5 killer bees
  4 howler monkeys
  8 electric eels
  4 crimson imps (D:13)
  2 lava snakes (Lair:2)
  2 bombardier beetles
  16 jellies
  13 orc priests
  A gnoll bouda (D:6)
  6 hounds
  15 iguanas
  Natasha (twice) (D:2)
  26 orc wizards
  6 ogre zombies (D:12)
  9 adders
  9 gnolls
  A shadow imp (D:5)
  A white imp (D:5)
  2 ufetubi (D:7)
  2 dart slugs (D:3)
  4 ribbon worms
  88 orcs
  7 endoplasms
  4 giant cockroaches
  5 gnoll zombies (D:12)
  13 goblins
  8 hobgoblins
  A jackal (D:4)
  3 quokkas
  5 ball pythons
  3 bats
  4 frilled lizards
  5 gnoll skeletons (D:12)
  17 kobolds
  2 orc skeletons (D:12)
  13 orc zombies (D:12)
  4 rats
1014 creatures vanquished.

Vanquished Creatures (collateral kills)
  A hell hound (Orc:1)
  2 orc warriors (Orc:1)
  An ogre (Orc:1)
  3 orc priests (Orc:1)
  5 orc wizards (Orc:1)
  3 orcs (Orc:1)
15 creatures vanquished.

Vanquished Creatures (others)
  A hydra (Swamp:4)
  A necromancer (Swamp:2)
  2 bloated husks (Swamp:1)
  A white imp (D:7)
  10 foxfires
15 creatures vanquished.

Grand Total: 1044 creatures vanquished

Notes
Turn   | Place    | Note
-------+----------+-------------------------------------------
     0 | D:1      | bochi the Oni Ice Elementalist began the quest for the Orb.
     0 | D:1      | Reached XP level 1. HP: 16/16 MP: 3/3
   233 | D:1      | Reached XP level 2. HP: 26/26 MP: 3/5
   243 | D:1      | Reached skill level 1 in Fighting
   702 | D:1      | Reached XP level 3. HP: 21/33 MP: 7/7
   706 | D:1      | Learned a level 3 spell: Frozen Ramparts
   710 | D:1      | Learned a level 3 spell: Ozocubu's Armour
  1030 | D:2      | Noticed Sigmund
  1269 | D:2      | Found Cuinashi's Distillery.
  1277 | D:2      | Bought a potion of degeneration for 11 gold pieces
  1569 | D:2      | Noticed Natasha
  1576 | D:2      | Killed Natasha
  1577 | D:2      | Reached XP level 4. HP: 23/42 MP: 8/8
  1929 | D:2      | Noticed Natasha
  1935 | D:2      | Killed Natasha
  2190 | D:2      | Killed Sigmund
  2191 | D:2      | Reached skill level 5 in Ice Magic
  2191 | D:2      | Reached XP level 5. HP: 46/53 MP: 9/11
  2191 | D:2      | Reached XP level 6. HP: 52/61 MP: 9/12
  2882 | D:3      | Found a sacrificial altar of Ru.
  3094 | D:4      | Reached skill level 1 in Maces & Flails
  3107 | D:4      | Reached XP level 7. HP: 70/70 MP: 5/13
  3354 | D:4      | Reached skill level 2 in Maces & Flails
  3436 | D:4      | Found a shimmering blue altar of Sif Muna.
  3576 | D:4      | Found a broken altar of Ashenzari.
  3586 | D:4      | Found an ancient bone altar of Kikubaaqudgha.
  3775 | D:5      | Entered Level 5 of the Dungeon
  3807 | D:5      | Found an ornate altar of the Wu Jian Council.
  3941 | D:5      | Reached skill level 3 in Maces & Flails
  3942 | D:5      | Reached skill level 5 in Fighting
  3942 | D:5      | Reached skill level 5 in Spellcasting
  3942 | D:5      | Reached XP level 8. HP: 40/80 MP: 15/15
  4174 | D:5      | Reached skill level 4 in Maces & Flails
  4218 | D:5      | Noticed a gargoyle
  4559 | D:5      | Identified the +10 dagger "Anishru" {freeze, Str+2 Int+2}
  4630 | D:5      | Found an iron altar of Okawaru.
  4686 | D:5      | Killed a gargoyle
  4687 | D:5      | Reached skill level 5 in Maces & Flails
  4753 | D:5      | Reached XP level 9. HP: 79/92 MP: 16/16
  4891 | D:5      | Reached skill level 6 in Maces & Flails
  5023 | D:6      | Found Sutivu's Distillery.
  5026 | D:6      | Bought a potion of brilliance for 60 gold pieces
  5026 | D:6      | Bought a potion of attraction for 45 gold pieces
  5053 | D:6      | Found a bloodstained altar of Trog.
  5175 | D:6      | Found a blossoming altar of Fedhas.
  5233 | D:6      | Found Fuadwul's Magic Scroll Shoppe.
  5255 | D:6      | Found Kushrygga's Magic Scroll Emporium.
  5265 | D:6      | Noticed Pikel
  5275 | D:6      | Killed Pikel
  5276 | D:6      | Reached skill level 7 in Maces & Flails
  5545 | D:6      | Found a shadowy altar of Dithmenos.
  5660 | D:6      | Reached XP level 10. HP: 104/104 MP: 13/17
  5773 | D:6      | Found Cuivuos's Magic Scroll Shoppe.
  5777 | D:6      | Bought a scroll of noise for 12 gold pieces
  6207 | D:7      | Found a staircase to the Ecumenical Temple.
  6216 | Temple   | Entered the Ecumenical Temple
  6222 | Temple   | Became a worshipper of Cheibriados the Contemplative
  6409 | D:7      | Reached skill level 8 in Maces & Flails
  6848 | D:7      | Found Ciovvod's Antique Weapon Shoppe.
  7232 | D:8      | Reached * piety under Cheibriados
  7233 | D:8      | Reached skill level 9 in Maces & Flails
  7405 | D:8      | Found a basalt altar of Yredelemnul.
  7428 | D:8      | Found an opulent altar of Gozag.
  7767 | D:9      | Reached ** piety under Cheibriados
  7768 | D:9      | Reached skill level 10 in Fighting
  7768 | D:9      | Reached skill level 10 in Maces & Flails
  7812 | D:9      | Identified a scroll of acquirement
  7912 | D:9      | Noticed Grum
  7929 | D:9      | Reached XP level 11. HP: 118/119 MP: 10/18
  7938 | D:9      | Killed Grum
  8074 | D:9      | Noticed Erolcha
  8075 | D:9      | Found a staircase to the Lair.
  8100 | D:9      | Killed Erolcha
  8101 | D:9      | Reached skill level 11 in Maces & Flails
  8188 | D:9      | Reached *** piety under Cheibriados
  8191 | D:9      | Acquired the ring "Hifam" {Wiz rF+}
  8406 | D:9      | Noticed Jeremiah
  8421 | D:9      | Killed Jeremiah
  8623 | D:9      | Found a stormy altar of Qazlal.
  8864 | D:9      | Reached skill level 12 in Maces & Flails
  9106 | D:10     | Entered Level 10 of the Dungeon
  9161 | D:10     | Reached **** piety under Cheibriados
  9236 | D:10     | Found a hazy altar of Hepliaklqana.
  9242 | D:10     | Found a flagged portal.
  9256 | Bailey   | Entered a bailey
  9261 | Bailey   | Noticed an orc warlord
  9351 | Bailey   | Found a runed translucent gate.
  9354 | Bailey   | Found a runed translucent gate.
  9356 | Bailey   | Found a runed translucent gate.
  9560 | Bailey   | Killed an orc warlord
  9614 | Bailey   | Reached skill level 13 in Maces & Flails
  9614 | Bailey   | Reached XP level 12. HP: 140/140 MP: 19/19
  9652 | D:10     | Reached skill level 14 in Maces & Flails
  9798 | D:10     | Reached XP level 13. HP: 145/148 MP: 17/20
 10020 | D:10     | Reached skill level 15 in Fighting
 10022 | D:10     | Reached ***** piety under Cheibriados
 10150 | D:10     | Reached skill level 15 in Maces & Flails
 10716 | Lair:1   | Entered Level 1 of the Lair of Beasts
 11309 | Lair:1   | You fall into a shaft and drop 1 floor!
 11446 | Lair:2   | Found a staircase to the Swamp.
 11505 | Lair:2   | Learned a level 2 spell: Lesser Beckoning
 11558 | Lair:2   | Reached skill level 16 in Maces & Flails
 11622 | Lair:2   | Reached skill level 1 in Translocations
 11917 | Lair:2   | Found a staircase to the Snake Pit.
 12575 | Lair:3   | Reached ****** piety under Cheibriados
 12580 | Lair:3   | Reached XP level 14. HP: 148/162 MP: 15/21
 12720 | Lair:3   | Reached skill level 17 in Maces & Flails
 13847 | Lair:4   | Identified the +6 trident of the Ageless Gods {freeze, rF++
                  | Dex+2}
 14322 | Lair:4   | Reached skill level 5 in Translocations
 14552 | Lair:5   | Entered Level 5 of the Lair of Beasts
 14698 | Lair:5   | Found a staircase to the Slime Pits.
 14839 | Lair:5   | Acquired the amulet of Raorgh Pibui {RegenMP+ rCorr}
 14840 | Lair:5   | Acquired the +0 hat "Wesom" {Slay+2}
 15215 | Lair:5   | Reached skill level 18 in Maces & Flails
 15338 | Lair:5   | Identified the ring "Xezaxzeh" {rPois Will+ rCorr Dex-5
                  | SInv}
 16599 | D:11     | Reached XP level 15. HP: 71/170 MP: 17/22
 16779 | D:11     | Noticed Urug
 16784 | D:11     | Killed Urug
 17157 | D:12     | Found Duuhidwa's Overcharged Wands.
 17184 | D:12     | Noticed Psyche
 17192 | D:12     | Killed Psyche
 17346 | D:12     | Reached skill level 19 in Maces & Flails
 17442 | D:12     | Found a staircase to the Orcish Mines.
 17786 | Orc:1    | Entered Level 1 of the Orcish Mines
 17827 | Orc:1    | Found a dark tunnel.
 17846 | Volcano  | Entered a volcano
 17846 | Volcano  | Found a snail-covered altar of Cheibriados.
 18001 | Volcano  | Identified the +1 pair of boots of the Six Blessings
                  | {Str+4}
 18284 | Orc:2    | Entered Level 2 of the Orcish Mines
 18318 | Orc:2    | Found a roughly hewn altar of Beogh.
 18398 | Orc:2    | Found Yneureuh's Antique Weapon Shoppe.
 18456 | Orc:2    | Found a staircase to the Elven Halls.
 18479 | Orc:2    | Found a gate leading to a gauntlet.
 18489 | Gauntlet | Entered a Gauntlet
 18489 | Gauntlet | Found a transporter.
 18489 | Gauntlet | Found a transporter.
 18510 | Gauntlet | Found a transporter.
 18511 | Gauntlet | Found a transporter.
 18522 | Gauntlet | Found a transporter.
 18523 | Gauntlet | Found a transporter.
 18531 | Gauntlet | Found a transporter.
 18547 | Gauntlet | Found a transporter.
 18561 | Gauntlet | Found a transporter.
 18565 | Gauntlet | Found a transporter.
 18573 | Gauntlet | Found a transporter.
 18577 | Gauntlet | Found a transporter.
 18761 | Gauntlet | Identified the ring "Perosiez" {EV+5 Str+3}
 18872 | Gauntlet | Identified the +9 quarterstaff "Idghobyl" {freeze, rElec
                  | rCorr Str+3 SInv}
 18873 | Gauntlet | Got Sif Muna's Omnibus of the Fulgent Glacier
 18888 | Orc:2    | Found a roughly hewn altar of Beogh.
 18935 | Orc:2    | Found a roughly hewn altar of Beogh.
 18979 | Orc:2    | Found Teereca's Distillery.
 18984 | Orc:2    | Bought a potion of enlightenment for 80 gold pieces
 18984 | Orc:2    | Bought a potion of curing for 48 gold pieces
 18984 | Orc:2    | Bought a potion of curing for 48 gold pieces
 18984 | Orc:2    | Bought a potion of curing for 48 gold pieces
 18984 | Orc:2    | Bought a potion of mutation for 128 gold pieces
 19018 | Orc:2    | Found a roughly hewn altar of Beogh.
 19182 | Orc:2    | Gained mutation: You possess an exceptional clarity of
                  | mind. [a neqoxec]
 19277 | Orc:2    | Noticed an orc warlord
 19294 | Orc:2    | Killed an orc warlord
 19372 | Orc:2    | Found Hirpheo's Antique Weapon Shoppe.
 19377 | Orc:2    | Found a roughly hewn altar of Beogh.
 19389 | Orc:2    | Found Kusowa's Antique Armour Emporium.
 19428 | Orc:2    | Found a roughly hewn altar of Beogh.
 19428 | Orc:2    | Found Osefaine's Assorted Antiques.
 19494 | Orc:2    | Found a roughly hewn altar of Beogh.
 19658 | Orc:2    | Reached skill level 20 in Maces & Flails
 20009 | Orc:1    | Noticed Erica
 20020 | Orc:1    | Killed Erica
 20071 | Orc:1    | Noticed Sonja
 20075 | Orc:1    | Killed Sonja
 20820 | D:13     | Reached XP level 16. HP: 176/177 MP: 20/26
 20949 | D:13     | Found Dega's Assorted Antiques.
 21027 | D:13     | Found a portal to a secret trove of treasure.
 21173 | D:13     | Found a shimmering altar of Xom.
 21874 | D:14     | Reached skill level 1 in Throwing
 22001 | D:14     | Found a gate to the Vaults.
 22500 | D:15     | Entered Level 15 of the Dungeon
 22630 | D:15     | Found a staircase to the Depths.
 23109 | D:15     | Found a runed translucent door.
 23123 | D:15     | Found the +10 tower shield of Ignorance {rN+ Int-4}
 23129 | D:15     | Found a runed translucent door.
 23441 | Snake:1  | Entered Level 1 of the Snake Pit
 23915 | Snake:1  | Reached skill level 21 in Maces & Flails
 24292 | Snake:1  | Found Ikack's Antique Armour Emporium.
 24429 | Snake:1  | Found a shimmering altar of Xom.
 24779 | Snake:2  | Noticed a nagaraja
 24783 | Snake:2  | Killed a nagaraja
 25262 | Snake:2  | Reached skill level 10 in Translocations
 25344 | Snake:2  | Identified the +5 long sword of Disgust {flame, *Noise
                  | Str+2 Int+3}
 25766 | Snake:3  | Noticed Vashnia
 25928 | Snake:3  | Found Susesch's Antique Armour Emporium.
 25947 | Snake:3  | Killed Vashnia
 25948 | Snake:3  | Reached XP level 17. HP: 77/187 MP: 27/30
 26074 | Snake:3  | Bought an embroidered hat for 252 gold pieces
 26592 | Snake:3  | Reached skill level 5 in Throwing
 27003 | Snake:4  | Entered Level 4 of the Snake Pit
 28532 | Snake:4  | Reached skill level 10 in Spellcasting
 28772 | Snake:4  | Reached skill level 22 in Maces & Flails
 29079 | Snake:4  | Got a serpentine rune of Zot
 29327 | Swamp:1  | Entered Level 1 of the Swamp
 29629 | Elf:1    | Entered Level 1 of the Elven Halls
 30070 | Swamp:1  | Reached skill level 1 in Invocations
 30312 | Swamp:1  | Noticed Jorgrun
 30313 | Swamp:1  | Identified the +7 mace of the Queen {elec, Will+ rCorr
                  | Stlth-}
 30419 | Swamp:1  | Killed Jorgrun
 30758 | Swamp:2  | Reached XP level 18. HP: 107/196 MP: 27/32
 30965 | Swamp:2  | Identified the +6 orcbow "Vyghops" {flame, rPois}
 31031 | Swamp:2  | Reached skill level 5 in Invocations
 32555 | Swamp:4  | Entered Level 4 of the Swamp
 32821 | Swamp:4  | HP: 7/196 [four-headed hydra (7)]
 32821 | Swamp:4  | Noticed the 27-headed Lernaean hydra
 32821 | Swamp:4  | HP: 2/196 [swamp dragon (5)]
 32822 | Swamp:4  | Killed by an exploding seven-headed hydra... ignited by
                  | their inner flame

Illustrated notes

Levels and vault maps discovered:
D:1:      dpeg_arrival_snail, layout_rooms
D:2:      layout_basic, serial_shops, shop, uniq_sigmund, uniq_natasha
D:3:      layout_rooms, nicolae_ru_path_of_blood
D:4:      wad_river_or_something, layout_rooms, nicolae_sif_muna_little_library,
          mainiacjoe_overflow_catwalk_spiral
D:5:      minmay_clustersquares, layout_loops_ring,
          lemuel_coloured_pillars_altar, nicolae_wu_jian_immortal_techniques
D:6:      layout_basic, lemuel_round_altar, fedhas_altar_4, trog_hazing_becter,
          serial_shops, shop, nicolae_stop_n_shop_2, shop, shop, uniq_pikel
D:7:      layout_basic, minmay_temple_entry_mist, serial_shops, shop,
          minivault_5, chequers_avenue, small_statue_intersection, minivault_26
D:8:      layout_rooms, jmf_multi_god_temple
D:9:      layout_gridville, lemuel_tele_altar, minmay_lair_entry_grove,
          minmay_joined_circles, uniq_erolcha, uniq_grum, uniq_jeremiah
D:10:     layout_rooms, nzn_hepliaklqana_mist_gate, enter_bailey_3,
          minmay_shattered_shrine
D:11:     layout_loops_cross, uniq_urug
D:12:     layout_cave_pools, zombieorc2_lemuel, nicolae_shop_overcharged_wands,
          uniq_psyche
D:13:     layout_basic, serial_shops, nicolae_shop_tiny_real_fake_doors,
          nicolae_trove_entry_columns, led_xom_imps
D:14:     layout_stronghold, david_vaults_4, minmay_misc_feat_enclosed
D:15:     grunt_enter_depths_hoard, layout_long_grid, minmay_misc_feat_alley,
          minivault_16, minmay_misc_feat_hallway,
          chequers_guarded_unrand_ignorance
Temple:   hellmonk_temple_rainy
Lair:1:   layout_misc_corridors
Lair:2:   layout_roguey, swamp_mist_pool, nicolae_snake_entry_warm_welcome,
          beast_lair_carwin_8, grunt_megastairs_1
Lair:3:   layout_chaotic_city, grunt_megastairs_2
Lair:4:   layout_loops_ring, dreamdust_deal_with_the_devil
Lair:5:   guppyfry_lair_end_dragon, layout_hall_layers, wormcave,
          minmay_slime_entry_jelly_boxes
Swamp:1:  layout_falls_marsh, evilmike_swamp_ruin_house_5, swamp_pool_3,
          infiniplex_staircase_pool_2, uniq_jorgrun
Swamp:2:  layout_basic_swamp, nicolae_swamp_decorative_isthmus, swamp_pool_1_2,
          grunt_hermit_hut
Swamp:3:  layout_basic_swamp, evilmike_swamp_ruin_rubble_2,
          nicolae_swamp_tree_isthmus
Swamp:4:  swamp_basic_johnstein, layout_basic_swamp
Snake:1:  layout_basic, basic_altar, serial_shops, shop,
          nicolae_snake_linked_coils
Snake:2:  cheibrodos_snake_ritualist_ritual, layout_honeycomb
Snake:3:  layout_honeycomb, serial_shops, shop, uniq_vashnia
Snake:4:  snake_pit_salamanders_mu, layout_onion, serial_bayou_shore_a
Orc:1:    layout_caves, enter_volcano_3, regret_index_minedec_guest_junction,
          uniq_erica, uniq_sonja
Orc:2:    grunt_orc_community_town_hall, layout_caves,
          grunt_orc_community_big_house_2, grunt_orc_community_big_house_1,
          grunt_orc_community_house_2, grunt_orc_community_house_2,
          grunt_orc_community_house_2, grunt_orc_community_house_3,
          grunt_orc_community_house_1, grunt_orc_community_house_1,
          gauntlet_entry_generic, basic_altar, serial_shops, shop
Elf:1:    minmay_elf_arrival_circle, layout_loops_ring, minmay_elf_necromancy,
          ebering_dispersal_statue_hall

Skill      XL: |  1  2  3  4  5  6  7  8  9 10 11 12 13 14 15 16 17 18 |
---------------+-------------------------------------------------------+-----
Fighting       | 1 2 3 4 5 6 8 10 14 16 | 16.0
Ice Magic      | 4 5 6 7 9 |  9.0
Spellcasting   | 3 4 5 6 9 10 | 10.3
Maces & Flails | 1 3 5 7 10 13 14 16 18 20 21 22 | 22.0
Translocations | 2 6 8 10 11 12 | 12.9
Throwing       | 4 7 |  7.4
Invocations    | 3 8 |  8.6
Dodging        | |  1.7
Stealth        | |  1.4

Action                     |  1- 3 |  4- 6 |  7- 9 | 10-12 | 13-15 | 16-18 || total
---------------------------+-------+-------+-------+-------+-------+-------++-------
  Melee: Unarmed           |    40 |    26 |       |       |       |       ||    66
         Headbutt          |     4 |     8 |    29 |    48 |   179 |   182 ||   450
         Punch             |     1 |       |       |       |       |       ||     1
         Mace              |       |    29 |    52 |       |       |       ||    81
         Morningstar       |       |       |    47 |       |       |       ||    47
         Flail             |       |       |    72 |   295 |    54 |       ||   421
         Giant spiked club |       |       |       |       |   722 |   780 ||  1502
  Throw: Throwing net      |       |       |       |     1 |     2 |     1 ||     4
         Dart              |       |       |       |       |    13 |       ||    13
   Cast: Freeze            |    30 |    17 |       |       |       |       ||    47
         Frozen Ramparts   |     2 |    13 |    30 |    38 |    84 |    19 ||   186
         Ozocubu's Armour  |       |     5 |    15 |    25 |    71 |    51 ||   167
         Lesser Beckoning  |       |       |       |       |    22 |   107 ||   129
 Invoke: Slouch            |       |       |       |       |       |     7 ||     7
  Evoke: Wand              |       |       |       |     7 |    35 |    12 ||    54
         Phantom mirror    |       |       |       |       |     1 |       ||     1
    Use: Scroll            |     2 |       |     9 |     8 |    25 |    12 ||    56
         Potion            |       |       |     1 |     2 |     1 |     7 ||    11
   Stab: Sleeping          |       |     1 |       |       |     8 |     6 ||    15
         Held in net/web   |       |       |       |     1 |       |       ||     1
         Distracted        |       |       |       |       |     1 |       ||     1
 Armour: Robe              |    51 |    50 |   148 |   212 |   339 |       ||   800
         Skin              |       |       |     8 |     1 |       |       ||     9
         Steam dragon scal |       |       |       |       |   514 |  1088 ||  1602
  Dodge: Dodged            |    20 |    38 |    64 |    95 |   380 |   342 ||   939
  Block: Kite shield       |       |       |    52 |   121 |    21 |       ||   194

Table legend: (Time is in decaauts)
 A = Elapsed time spent in this place.
 B = Non-inter-level travel time spent in this place.
 C = Inter-level travel time spent in this place.
 D = Time resting spent in this place.
 E = Time spent auto-exploring this place.
 F = Levels seen in this place.
 G = Mean time per level.
                   A        B        C        D        E       F      G
               +--------+--------+--------+--------+--------+-----+--------+
         Total |  47652 |  43383 |   4269 |    779 |  35653 |  35 | 1361.5 |
       Dungeon |  20170 |  18058 |   2112 |     55 |  15053 |  15 | 1344.7 |
        Temple |     14 |      7 |      7 |      0 |      0 |   1 |   14.0 |
          Lair |   9486 |   8468 |   1018 |      0 |   7235 |   5 | 1897.2 |
         Swamp |   4314 |   4112 |    202 |    159 |   3318 |   4 | 1078.5 |
     Snake Pit |   9028 |   8431 |    597 |    486 |   7002 |   4 | 2257.0 |
  Orcish Mines |   3198 |   2868 |    330 |     14 |   2108 |   2 | 1599.0 |
   Elven Halls |      1 |      1 |      0 |      0 |      0 |   1 |    1.0 |
        Bailey |    511 |    511 |      0 |     32 |    356 |   1 |  511.0 |
       Volcano |    308 |    308 |      0 |     28 |    139 |   1 |  308.0 |
      Gauntlet |    618 |    618 |      0 |      5 |    442 |   1 |  618.0 |
               +--------+--------+--------+--------+--------+-----+--------+

Top non-repeatable levels by time:
 Snake:4: 2973 daAuts
     D:9: 2453 daAuts
  Lair:2: 2357 daAuts
 Snake:2: 2259 daAuts
  Lair:5: 2215 daAuts
    D:13: 1994 daAuts
   Orc:2: 1980 daAuts
 Snake:1: 1918 daAuts
    D:14: 1893 daAuts
 Snake:3: 1877 daAuts
  Lair:3: 1830 daAuts
    D:10: 1641 daAuts
  Lair:4: 1597 daAuts
 Swamp:2: 1556 daAuts
 Swamp:3: 1508 daAuts
